 Dungeon Sprint DCSS version 0.22-a0-157-g169b76a (webtiles) character file.

2032 KristoblXynda the Fighter (level 9, -1/81 HPs)
             Began as a Green Draconian Gladiator on Feb 8, 2018.
             Was an Initiate of Makhleb.
             Shot with a bolt by a yaktaur (8 damage)
             ... in the Dungeon (Sprint II: "The Violet Keep of Menkaure").
             The game lasted 00:03:46 (897 turns).

KristoblXynda the Fighter (DrGl)                     Turns: 897, Time: 00:03:46

Health: -1/81      AC: 10    Str: 18    XL:     9   Next: 3%
Magic:  9/9        EV: 20    Int: 11    God:    Makhleb [......]
Gold:   151        SH:  0    Dex: 15    Spells: 8/8 levels left

rFire    . . .     SeeInvis .   a - +0 long sword
rCold    . . .     Gourm    .   (no shield)
rNeg     . . .     Faith    .   (armour unavailable)
rPois    +         Spirit   .   b - +0 hat
rElec    .         Reflect  .   i - +1 cloak {+Inv}
rCorr    .         Harm     .   (no gloves)
MR       .....     NoTele   +   k - +0 pair of boots "Fonyim" {rPois Int+2 Dex+3} (curse)
Stlth    +.........             (no amulet)
HPRegen  0.23/turn              (no ring)
MPRegen  0.11/turn              (no ring)

@: short of breath
A: breathe noxious fumes, unfitting armour, dopey 1, frail 1, poison resistance,
cold-blooded, MP-powered wands, AC +7
a: Breathe Noxious Fumes, Renounce Religion, Evoke Invisibility


You were in the Dungeon.
You worshipped Makhleb.
Makhleb was noncommittal.
You were hungry.

You visited 1 branch You collected 729 gold pieces.
You spent 578 gold pieces at shops.

Inventory:

Hand Weapons
 a - a +0 long sword (weapon)
Missiles
 c - 3 throwing nets (quivered)
Armour
 b - a +0 hat (worn)
 i - a +1 cloak of invisibility (worn)
 k - the cursed +0 pair of boots "Fonyim" (worn) {rPois Int+2 Dex+3}
   (You bought it in a shop in the Dungeon)

   It affects your intelligence (+2).
   It affects your dexterity (+3).
   It protects you from poison.
   It has a curse placed upon it.
Potions
 e - a potion of curing
 h - 2 potions of magic
Comestibles
 d - a ration


   Skills:
 + Level 12.5 Fighting
 + Level 11.8 Long Blades
 - Level 4.2 Throwing
 + Level 10.9 Dodging


You had 8 spell levels left.
You didn't know any spells.

Dungeon Overview and Level Annotations

Branches:
Dungeon (1/1)

Altars:
Cheibriados
Dithmenos
Elyvilon
Fedhas
Gozag
Hepliaklqana
Kikubaaqudgha
Makhleb
Nemelex Xobeh
Okawaru
Qazlal
Ru
Sif Muna
Trog
Uskayaw
Vehumet
Wu Jian
Xom
Yredelemnul
Zin
The Shining One
Beogh
Jiyva
Lugonu

Shops:
D !::%[!?[}(?[==%=

Annotations:
D exclusion: oklob plant


Innate Abilities, Weirdness & Mutations

You can breathe blasts of noxious fumes.
Your lurid green scales are hard. (AC +7)
You cannot fit into any form of body armour.
Your system is resistant to poisons. (rPois)
You are cold-blooded and may be slowed by cold attacks.
You are dopey. (Int -2)
You are frail. (-10% HP)
You expend magic power (3 MP) to strengthen your wands.


Message History

Press < or > to pray at altars.
Unknown command.
Press < or > to pray at altars.
You kneel at the altar of Makhleb.
Makhleb welcomes you!
A yaktaur opens the door.
The yaktaur wields an arbalest.
The yaktaur shoots a bolt.
The bolt hits you!
* * * LOW HITPOINT WARNING * * *
There is a hide-covered altar of Uskayaw here.
You see here a bolt.
Press: ? - help, Shift-Dir - straight line, f/p - yaktaur
Aim: a yaktaur, wielding an arbalest (lightly wounded)
You exhale a blast of noxious fumes.
The blast of choking fumes hits the yaktaur.
The yaktaur is lightly wounded.
You are feeling hungry.
The yaktaur is engulfed in noxious fumes.
The yaktaur is engulfed in noxious fumes.
The yaktaur shoots a bolt.
The bolt hits you!
You die...

.# ...# ...# ####..## #..#
.#▓?(!([% ##.##..# +..#
.#▓[)([%[" #...#..# #..#
.#▓?$$!$((%
+##.'..####..##.#▓(![)(!)$
#.###.§§.###...##▓▓▓▓▓▓▓+
##.##.§....≈§≈≈≈z≈≈≈≈≈≈≈.
####≈≈.....≈#c########+###
z#≈≈≈≈≈≈§..h#.§§@._._#t≈§#
##≈§≈≈≈≈≈≈§z#_._§_._.#§§≈≈
#≈≈≈§≈≈≈≈≈≈§#._._._._#≈§≈
≈≈≈≈§§§≈§≈≈≈#_._._._.#§§t
'§#≈≈≈≈≈≈≈§§#._._._..#≈§§≈
#§≈≈###§≈#_._._...#≈§§§
#§≈#._._....#≈§§§
#§≈#.._.....#§§≈≈
≈≈≈≈##########≈≈≈≈


You could see a polar bear, a yaktaur, a crocodile and 2 flying skulls.

Vanquished Creatures
  2 polar bears (D)
  A hornet (D)
  4 flying skulls (D)
  2 neqoxecs (D)
  4 necrophages (D)
  A crocodile (D)
  4 worker ants (D)
  3 worms (D)
21 creatures vanquished.

Vanquished Creatures (others)
  Menkaure (D)
  A crocodile (D)
2 creatures vanquished.

Grand Total: 23 creatures vanquished

Notes
Turn   | Place    | Note
-------+----------+-------------------------------------------
     0 | D        | KristoblXynda the Draconian Gladiator began the quest for the Orb.
     0 | D        | Reached XP level 1. HP: 17/17 MP: 1/1
     1 | D        | Noticed a necrophage
     1 | D        | Noticed a necrophage
     1 | D        | Noticed a necrophage
     1 | D        | Noticed a necrophage
    11 | D        | Killed a necrophage
    11 | D        | Reached skill level 5 in Fighting
    11 | D        | Reached skill level 5 in Long Blades
    11 | D        | Reached XP level 2. HP: 28/28 MP: 2/2
    11 | D        | Reached XP level 3. HP: 35/35 MP: 3/3
    11 | D        | Reached XP level 4. HP: 41/41 MP: 4/4
    20 | D        | Killed a necrophage
    20 | D        | Reached skill level 6 in Fighting
    20 | D        | Reached skill level 5 in Dodging
    20 | D        | Reached XP level 5. HP: 26/50 MP: 5/5
    30 | D        | Killed a necrophage
    30 | D        | Reached skill level 7 in Fighting
    35 | D        | HP: 1/50 [necrophage (6)]
    38 | D        | Killed a crocodile
    39 | D        | Killed a necrophage
    39 | D        | Reached skill level 8 in Fighting
    39 | D        | Reached XP level 6. HP: 29/62 MP: 6/6
   115 | D        | Killed Menkaure
   398 | D        | Reached skill level 9 in Fighting
   521 | D        | Noticed a neqoxec
   522 | D        | Noticed a neqoxec
   533 | D        | Gained mutation: You are frail. (-10% HP) [a neqoxec]
   535 | D        | Gained mutation: You expend magic power (3 MP) to strengthen your wands. [a neqoxec]
   543 | D        | Killed a neqoxec
   543 | D        | Your scales start taking on a lurid green colour.
   543 | D        | Reached XP level 7. HP: 50/63 MP: 7/7
   543 | D        | Gained mutation: Your system is resistant to poisons. (rPois) [Green Draconian growth]
   544 | D        | Gained mutation: You are dopey. (Int -2) [a neqoxec]
   550 | D        | Killed a neqoxec
   550 | D        | Reached skill level 10 in Fighting
   552 | D        | Noticed a neqoxec
   552 | D        | Noticed a flying skull
   552 | D        | Noticed a flying skull
   552 | D        | Noticed a flying skull
   553 | D        | Noticed a flying skull
   553 | D        | Noticed a flying skull
   743 | D        | Found Miazegh's Jewellery Emporium.
   743 | D        | Found Amotudis's Jewellery Shoppe.
   743 | D        | Found Heitab's Food Shoppe.
   743 | D        | Found Sulaun Xeivu's Armour Emporium.
   743 | D        | Found Dirunn's Jewellery Emporium.
   743 | D        | Found Fudycsoc's Antique Weapon Shoppe.
   743 | D        | Found Nompuics's Magic Scroll Shoppe.
   744 | D        | Found Wanotegh's Gadget Shoppe.
   744 | D        | Found Ydirhah's Antique Armour Emporium.
   745 | D        | Found Ipupnatt's Magic Scroll Shoppe.
   745 | D        | Found Zoos's Distillery.
   745 | D        | Noticed a polar bear
   746 | D        | Noticed a polar bear
   746 | D        | Found Adujad's Antique Armour Shoppe.
   746 | D        | Found Tusoc's Food Emporium.
   746 | D        | Noticed an oklob plant
   746 | D        | Noticed a flying skull
   747 | D        | Noticed a flying skull
   747 | D        | Noticed a flying skull
   747 | D        | Found Haddis's Book Shoppe.
   747 | D        | Found Wasuzuischy's Distillery.
   747 | D        | Found Fuafophexesm's Book Shoppe.
   752 | D        | Noticed a flying skull
   755 | D        | Bought a +0 pair of boots for 54 gold pieces
   755 | D        | Bought a +1 cloak of invisibility for 198 gold pieces
   756 | D        | Noticed an iron elemental
   759 | D        | Bought a pair of distressingly furry boots for 228 gold pieces
   765 | D        | Identified the cursed +0 pair of boots "Fonyim" {rPois Int+2 Dex+3} (You bought it in a shop in the Dungeon)
   789 | D        | Noticed a neqoxec
   792 | D        | Bought a potion of might for 56 gold pieces
   792 | D        | Bought a potion of lignification for 42 gold pieces
   810 | D        | Noticed a flying skull
   822 | D        | Killed a flying skull
   822 | D        | Reached skill level 10 in Long Blades
   827 | D        | Killed a flying skull
   827 | D        | Reached XP level 8. HP: 33/72 MP: 8/8
   831 | D        | Killed a flying skull
   831 | D        | Reached skill level 11 in Fighting
   857 | D        | Found a glowing golden altar of the Shining One.
   857 | D        | Found an ornate altar of the Wu Jian Council.
   858 | D        | Found a shimmering altar of Xom.
   858 | D        | Found a sacrificial altar of Ru.
   859 | D        | Found a basalt altar of Yredelemnul.
   859 | D        | Found a deep blue altar of Sif Muna.
   860 | D        | Found a glowing silver altar of Zin.
   860 | D        | Found a bloodstained altar of Trog.
   860 | D        | Found an ancient bone altar of Kikubaaqudgha.
   860 | D        | Found a stormy altar of Qazlal.
   860 | D        | Found a viscous altar of Jiyva.
   861 | D        | Found a hide-covered altar of Uskayaw.
   861 | D        | Found a corrupted altar of Lugonu.
   861 | D        | Found a shadowy altar of Dithmenos.
   862 | D        | Found a radiant altar of Vehumet.
   862 | D        | Found a burning altar of Makhleb.
   862 | D        | Found a white marble altar of Elyvilon.
   863 | D        | Found a sparkling altar of Nemelex Xobeh.
   863 | D        | Found a blossoming altar of Fedhas.
   864 | D        | Found an iron altar of Okawaru.
   864 | D        | Found an opulent altar of Gozag.
   864 | D        | Noticed a polar bear
   865 | D        | Noticed a polar bear
   866 | D        | Found a hazy altar of Hepliaklqana.
   866 | D        | Found a snail-covered altar of Cheibriados.
   866 | D        | Noticed a hornet
   867 | D        | Found a roughly hewn altar of Beogh.
   867 | D        | Noticed a yaktaur
   872 | D        | Noticed a polar bear
   880 | D        | Killed a polar bear
   880 | D        | Reached skill level 10 in Dodging
   882 | D        | Killed a hornet
   882 | D        | Reached skill level 12 in Fighting
   885 | D        | Killed a flying skull
   887 | D        | Killed a polar bear
   887 | D        | Reached XP level 9. HP: 14/81 MP: 9/9
   894 | D        | Became a worshipper of Makhleb the Destroyer
   897 | D        | Shot with a bolt by a yaktaur

Vault maps used:
D:        the_violet_keep_of_menkaure

Skill      XL: |  1  2  3  4  5  6  7  8 |
---------------+-------------------------+-----
Fighting       | 5 6 8 9 10 12 | 12.5
Long Blades    | 5 6 8 9 10 11 | 11.8
Throwing       | 4 |  4.2
Dodging        | 4 5 7 8 9 10 | 10.9

Action                   |  1- 3 |  4- 6 |  7- 9 || total
-------------------------+-------+-------+-------++-------
Melee: Long sword        |     7 |    82 |    58 ||   147
       Tailslap          |       |    11 |     3 ||    14
 Abil: Breathe Noxious F |       |       |     2 ||     2
  Use: Potion            |     1 |     1 |     3 ||     5
       Scroll            |       |       |     1 ||     1
Armor: Skin              |       |     6 |    59 ||    65
Dodge: Dodged            |     5 |    54 |    18 ||    77
       Rpst.: Long sword |     2 |     6 |     2 ||    10

Table legend:
 A = Spawn XP
 B = Non-spawn XP
 C = Spawn XP percentage of total XP
 D = Spawn monster count
 E = Non-spawn monster count
 F = Spawn count percentage of total count
 G = Total turns spent on level
                    A         B        C        D         E        F      G
               +---------+---------+-------+---------+---------+-------+---------
         Total |       0 |    2903 |   0.0 |       0 |      21 |   0.0 |   897
               +---------+---------+-------+---------+---------+-------+---------
             D |       0 |    2903 |   0.0 |       0 |      21 |   0.0 |   897
               +---------+---------+-------+---------+---------+-------+---------
